 Dungeon Crawl Stone Soup version 0.16-a0-286-g6bac339 (webtiles) character file.

54 PolkaDot the Insei (level 3, 0/30 HPs)
             Began as a Draconian Transmuter on Aug 27, 2014.
             Succumbed to an adder's poison
             ... on Level 2 of the Dungeon.
             The game lasted 00:04:52 (1595 turns).

PolkaDot the Insei (Draconian Transmuter)           Turns: 1595, Time: 00:04:52

HP   0/30        AC  5     Str 12      XL: 3   Next: 66%
MP   6/6         EV 12     Int 13      God:
Gold 72          SH  0     Dex 12      Spells:  1 memorised,  5 levels left

rFire  + . .     SeeInvis .       - Unarmed
rCold  + . .     Clarity  .     (armour unavailable)
rNeg   . . .     rCorr    +     (no shield)
rPois  +         rRot     .     (helmet restricted)
rElec  +         Spirit   .     (no cloak)
SustAb .         Warding  .     (no gloves)
rMut   .         Stasis   .     (boots unavailable)
Gourm  .                        (no amulet)
MR     .....                    (no ring)
                                (no ring)

@: lethally poisoned, appendage (expiring), resistant, not resistant to hostile
enchantments, very unstealthy
A: unfitting armour, talons 3, cold-blooded, AC +5
a: End Transformation


You were on level 2 of the Dungeon.
You were hungry.
You had grown temporary talons.
You visited 1 branch of the dungeon, and saw 2 of its levels.

You collected 72 gold pieces.

Inventory:

Missiles
 b - 26 arrows
Comestibles
 a - 2 bread rations
 j - a rotting chunk of hobgoblin flesh {@w1}
 n - a beef jerky
 o - a meat ration
 r - a slice of pizza
 u - a chunk of adder flesh {@w1}
Scrolls
 c - a scroll of magic mapping
 e - a scroll of enchant weapon
 g - a scroll of teleportation
 m - a scroll of remove curse
 s - 2 scrolls of amnesia
 t - a scroll of enchant armour
Jewellery
 i - an uncursed amulet of clarity
Potions
 l - a potion of resistance
Books
 d - a book of Changes

   Spells                             Type                      Level
   *Beastly Appendage                 Transmutation                1
   Sticks to Snakes                   Transmutation                2
   Spider Form                        Transmutation/Poison         3
   Ice Form                           Ice/Transmutation            4
   Blade Hands                        Transmutation                5
 k - a book of Fire

   Spells                             Type                      Level
   Ignite Poison                      Fire/Transmutation           5
   Fireball                           Conjuration/Fire             5
   Bolt of Fire                       Conjuration/Fire             6
   Delayed Fireball                   Conjuration/Fire             7
   Ring of Flames                     Charms/Fire                  7


   Skills:
 + Level 2.6 Fighting
 - Level 1.7 Dodging
 * Level 3.5 Unarmed Combat
 - Level 2.0 Spellcasting
 + Level 2.6 Transmutations


You had 5 spell levels left.
You knew the following spells:

 Your Spells              Type           Power        Failure   Level  Hunger
a - Beastly Appendage     Trmt           #.....       10%         1    ##.....


Dungeon Overview and Level Annotations

Branches:
Dungeon (2/15)

Altars:
Dithmenos


Innate Abilities, Weirdness & Mutations

Your plain brown scales are hard (AC +5).
Your body does not fit into most forms of armour.
Your cold-blooded metabolism reacts poorly to cold.
You have claws for feet.


Message History

Drink which item? (? for menu, Esc to quit)
Okay, then.
Read which item? (? for menu, Esc to quit)
Identify which item? (\ to view known items) (? for menu, Esc to quit)
As you read the scroll of identify, it crumbles to dust.
c - a scroll of magic mapping
* * * LOW HITPOINT WARNING * * *
You feel sick.
Read which item? (? for menu, Esc to quit)
Identify which item? (\ to view known items) (? for menu, Esc to quit)
As you read the scroll of identify, it crumbles to dust.
e - a scroll of enchant weapon Read which item? (? for menu, Esc to quit)
Identify which item? (\ to view known items) (? for menu, Esc to quit)
As you read the scroll of identify, it crumbles to dust.
t - a scroll of enchant armour Read which item? (? for menu, Esc to quit)
You aren't carrying any armour which can be enchanted further.
Your transformation is almost over.
You die...

#.##.#####..#########
#.##.#####..#
#############.##........#
..............########.##
#...#...#...#..........#
..............########## #######
#...#...#...### #......
.............########### #.#....
#############...@......####.#>##.
##########.##.....##.
#####.....#.#....+.
###############.......###.######.
.......<......+.......# #.# #...
.##############.......###.# #...
.'.....)...%...<(.........# #...
.##########.#############.# #...
.#........#)........######## #...


There were no monsters in sight!

Vanquished Creatures
  2 adders (D:2)
  3 giant geckos
  4 giant cockroaches (D:1)
  11 hobgoblins
  2 bats
  2 goblins (D:1)
  4 kobolds
  5 rats
33 creatures vanquished.

Notes
Turn   | Place    | Note
--------------------------------------------------------------
     0 | D:1      | PolkaDot, the Draconian Transmuter, began the quest for the Orb.
     0 | D:1      | Reached XP level 1. HP: 16/16 MP: 3/3
   299 | D:1      | Reached XP level 2. HP: 12/23 MP: 2/4
  1141 | D:2      | Found a shadowy altar of Dithmenos.
  1259 | D:2      | Reached XP level 3. HP: 30/30 MP: 6/6
  1592 | D:2      | HP: 1/30 [poisoned by an adder]
  1595 | D:2      | Succumbed to an adder's poison

Action                   || total
-------------------------++-------
Melee: Unarmed           ||   147
 Cast: Beastly Appendage ||    14
  Use: Scroll            ||     7
       Potion            ||     1
  Eat: Chunk             ||     2
